 Dungeon Crawl Stone Soup version 0.27.0-1-g7a08968 (webtiles) character file.

Game seed: 7125913189961143381

427 alyshiafish the Covered (level 6, 0/53 HPs)
             Began as a Hill Orc Fighter on Aug 15, 2021.
             Succumbed to an orc warrior zombie's poison
             ... on level 4 of the Dungeon.
             The game lasted 00:23:59 (2868 turns).

alyshiafish the Covered (Hill Orc Fighter)          Turns: 2868, Time: 00:23:59

Health: 0/53       AC: 15    Str: 21    XL:     6   Next: 97%
Magic:  6/6        EV:  7    Int:  8    God:
Gold:   170        SH:  9    Dex: 10    Spells: 5/5 levels left

rFire    + . .     SeeInvis .   m - +0 mace (protect)
rCold    + . .     Faith    .   c - +0 kite shield
rNeg     . . .     Spirit   .   b - +0 scale mail
rPois    +         Reflect  .   p - +0 helmet
rElec    +         Harm     .   (no cloak)
rCorr    +         Rampage  .   (no gloves)
Will     .....                  (no boots)
Stlth    ..........             (no amulet)
HPRegen  0.17/turn              (no ring)
MPRegen  0.10/turn              (no ring)

@: mighty, lethally poisoned (0 -> -8), about to teleport, resistant, under a
protective aura
A: no striking features
a: no special abilities


You were on level 4 of the Dungeon.
You visited 1 branch of the dungeon, and saw 4 of its levels.

You collected 170 gold pieces.

Inventory:

Hand Weapons
 a - a +0 war axe
 m - a +0 mace of protection (weapon)
 n - a +0 scythe
 r - a +0 short sword of draining
 u - a +0 hunting sling
Missiles
 e - 2 boomerangs (quivered)
 k - 15 poisoned darts
 s - 49 arrows
 x - 22 bolts
Armour
 b - a +0 scale mail (worn)
 c - a +0 kite shield (worn)
 p - a +0 helmet (worn)
Potions
 h - a potion of resistance
 i - a potion of degeneration
 l - a potion of magic {unknown}
 o - 2 potions of attraction
 t - a potion of invisibility {unknown}
 w - a potion of brilliance {unknown}


   Skills:
 + Level 4.7 Fighting
 + Level 4.9(5.3) Axes
 + Level 2.3(3.5) Maces & Flails
 + Level 5.2 Armour
 + Level 0.5 Dodging
 * Level 0.8 Stealth
 + Level 4.5 Shields


You had 5 spell levels left.
You didn't know any spells.
Your spell library was empty.

Dungeon Overview and Level Annotations

Branches:
Dungeon (4/15)
 Temple: D:4-7

Altars:

Annotations:
D:4 1 transporter


Message History

The orc warrior zombie is severely damaged.
You feel very sick.
The orc warrior zombie hits you with a +2 war axe of venom.
You are lethally poisoned!
You feel much better.
You feel very sick.
The orc warrior zombie hits you but does no damage.
The orc warrior zombie closely misses you.
You feel protected.
You feel very sick.
You block the orc warrior zombie's attack.
The orc warrior zombie closely misses you.
Your scale mail prevents you from hitting the orc warrior zombie.
The orc warrior zombie is severely damaged.
You feel very sick.
You block the orc warrior zombie's attack.
The orc warrior zombie hits you with a +1 flail of venom.
You feel very mighty all of a sudden.
You feel sick.
You block the orc warrior zombie's attack.
The orc warrior zombie hits you with a +1 flail of venom!
You are more poisoned.
You hit the orc warrior zombie.
Your weapon exudes an aura of protection.
The orc warrior zombie is almost destroyed.
* * * LOW HITPOINT WARNING * * *
You feel very sick.
The orc warrior zombie hits you with a +2 war axe of venom.
* * * LOW HITPOINT WARNING * * *
You block the orc warrior zombie's attack.
As you read the scroll of teleportation, it crumbles to dust.
You feel strangely unstable.
* * * LOW HITPOINT WARNING * * *
You feel very sick.
The orc warrior zombie completely misses you.
The orc warrior zombie hits you with a +1 flail of venom.
* * * LOW HITPOINT WARNING * * *
You sock the orc warrior zombie!
You destroy the orc warrior zombie!
You die...

###### ##.#..# ##.....#
##### #......######## #○°..
########...>.##..##..
#°○°°.#○°○☼☼○#.....#.......
#.°☼☼°#☼°°°☼○#..##....#....
#)$.○○°.#.#☼○#..##.........
#©!.☼°°..)@°°#©..#.........
#$$.°°☼.#Z#°°#...#.........
#○○°°☼#°☼☼°°°#........#....
#○°☼○.#○○○☼°°#.###...####..
#○°°° ########## #.........
##### ....##.... ........
........ ..##....


You could see an orc warrior zombie.

Vanquished Creatures
  Sigmund (D:2)
  A necrophage (D:4)
  Jessica (D:2)
  Terence (D:2)
  Robin (D:2)
  An orc zombie (D:4)
  4 adders
  3 gnolls (D:4)
  A worm (D:3)
  3 ball pythons
  6 bats
  2 endoplasms
  2 giant cockroaches
  7 goblins
  5 hobgoblins
  6 jackals (D:3)
  A quokka (D:1)
  3 frilled lizards
  5 kobolds
  6 rats
60 creatures vanquished.

Notes
Turn   | Place    | Note
-------+----------+-------------------------------------------
     0 | D:1      | alyshiafish the Hill Orc Fighter began the quest for the
                  | Orb.
     0 | D:1      | Reached XP level 1. HP: 19/19 MP: 1/1
   187 | D:1      | Reached XP level 2. HP: 22/27 MP: 2/2
   812 | D:2      | Noticed Sigmund
  1060 | D:2      | Killed Sigmund
  1061 | D:2      | Reached skill level 4 in Armour
  1061 | D:2      | Reached XP level 3. HP: 14/34 MP: 3/3
  1061 | D:2      | Reached XP level 4. HP: 17/41 MP: 4/4
  1061 | D:2      | Reached XP level 5. HP: 20/47 MP: 5/5
  1252 | D:2      | Noticed Jessica
  1255 | D:2      | Killed Jessica
  1256 | D:2      | Reached skill level 1 in Maces & Flails
  1311 | D:2      | Found a faded altar of an unknown god.
  1424 | D:2      | Noticed Robin
  1435 | D:2      | Killed Robin
  1661 | D:2      | Noticed Terence
  1676 | D:2      | Reached skill level 5 in Armour
  1676 | D:2      | Reached XP level 6. HP: 41/53 MP: 6/6
  1702 | D:2      | Killed Terence
  2757 | D:4      | Noticed a necrophage
  2782 | D:4      | Killed a necrophage
  2838 | D:4      | Found a transporter.
  2853 | D:4      | Found a transporter.
  2868 | D:4      | Succumbed to an orc warrior zombie's poison

Illustrated notes

Levels and vault maps discovered:
D:1:      tarquinn_simple_flora_water_a, layout_loops_cross
D:2:      layout_basic, shapermc_ecumenical_altar_venn, uniq_terence,
          uniq_jessica, uniq_sigmund, uniq_robin
D:3:      layout_rooms, st_stairs_4, solitary_fountain
D:4:      gammafunk_cloud_chamber, layout_cave_pools

Skill      XL: |  1  2  3  4  5  6 |
---------------+-------------------+-----
Fighting       | 4 |  4.7
Axes           | 4 |  4.9
Armour         | 4 5 |  5.2
Shields        | 4 |  4.5
Maces & Flails | 1 2 |  2.3
Dodging        | |  0.5
Stealth        | |  0.8

Action                   |  1- 3 |  4- 6 || total
-------------------------+-------+-------++-------
Melee: War axe           |    31 |    49 ||    80
       Mace              |    12 |   143 ||   155
  Use: Scroll            |       |    10 ||    10
       Potion            |       |     3 ||     3
Armor: Scale mail        |    16 |   109 ||   125
Dodge: Dodged            |    13 |    73 ||    86
Block: Kite shield       |    24 |   116 ||   140
